 Dungeon Crawl Stone Soup version 0.17-a0-1571-g3ed2ab2 (console) character file.

1178 Monkaria the Cleaver (level 8, -2/72 HPs)
             Began as a Deep Dwarf Berserker on July 24, 2015.
             Was a Believer of Trog.
             Killed from afar by a sheep (34 damage)
             ... with an exploding inner flame
             ... on level 6 of the Dungeon.
             The game lasted 00:09:40 (4912 turns).

Monkaria the Cleaver (Deep Dwarf Berserker)         Turns: 4912, Time: 00:09:40

Health: -2/72      AC:  5    Str: 23    XL:     8   Next: 18%
Magic:  8/8        EV: 13    Int:  8    God:    Trog [**....]
Gold:   182        SH:  0    Dex: 16    Spells: 0 memorised, 7 levels left

rFire  . . .     SeeInvis +     a - +0 hand axe
rCold  . . .     Clarity  .     b - +0 animal skin
rNeg   . . .     SustAt   +     (no shield)
rPois  .         Gourm    .     t - +2 helmet {SInv}
rElec  .         Spirit   .     (no cloak)
rCorr  .         Warding  .     (no gloves)
rMut   .         Stasis   .     (no boots)
MR     +....                    (no amulet)
Stlth  +.........               A - ring of sustain attributes
                                f - +4 ring of dexterity

@: non-regenerating, somewhat resistant to hostile enchantments, very unstealthy
A: damage resistance, recharge devices, sense surroundings 1, slow healing 3
a: Device Recharging, Burn Spellbooks, Berserk, Trog's Hand, Renounce Religion


You were on level 6 of the Dungeon.
You worshipped Trog.
Trog was pleased with you.
You were hungry.

You visited 2 branches of the dungeon, and saw 7 of its levels.

You collected 182 gold pieces.

Inventory:

Hand weapons
 a - a +0 hand axe (weapon)
 y - a +0 blowgun
Missiles
 o - 35 poisoned needles
 B - 4 tomahawks (quivered)
Armour
 b - a +0 animal skin (worn)
 t - a +2 helmet of see invisible (worn)
Jewellery
 f - a +4 ring of dexterity (left hand)
 A - a ring of sustain attributes (right hand)
Magical devices
 c - a wand of heal wounds (4)
 e - a wand of paralysis (2)
 v - a wand of paralysis (10)
Scrolls
 i - 2 scrolls of fear
 k - 3 scrolls of remove curse
 r - a scroll of teleportation
 w - a scroll of enchant armour
 z - a scroll of identify
 D - a scroll of magic mapping {unknown}
Potions
 g - a potion of heal wounds
 j - 3 potions of curing
 m - a potion of might
 n - a potion of ambrosia
 p - 2 potions of haste
 s - a potion of poison
 x - 3 potions of flight
Books
 C - a book of Frost

   Spells                             Type                      Level
   a - Freeze                         Ice                          1
   b - Throw Frost                    Conjuration/Ice              2
   c - Ozocubu's Armour               Charms/Ice                   3
   d - Throw Icicle                   Conjuration/Ice              4
   e - Summon Ice Beast               Ice/Summoning                4
   f - Condensation Shield            Ice                          4
   Trog disapproves of the use of such an item.
Comestibles
 d - 2 bread rations
 h - 3 meat rations
 l - 3 beef jerkies


   Skills:
 - Level 4.0 Fighting
 + Level 10.5 Axes
 - Level 2.1 Armour
 - Level 2.1 Dodging


You had 7 spell levels left.
You didn't know any spells.

Dungeon Overview and Level Annotations

Branches:
Dungeon (6/15)             Temple (1/1) D:4

Altars:
Dithmenos
Elyvilon
Gozag
Kikubaaqudgha
Makhleb
Okawaru
Trog
Vehumet
Xom
Yredelemnul
Zin
The Shining One


Innate Abilities, Weirdness & Mutations

You are resistant to damage.
You can recharge devices by infusing magical energy.
You passively map a small area around you.
You do not heal naturally.


Message History

The sheep is moderately wounded.
The sheep bellows! x5
You hit the sheep but do no damage.
Your attack snaps the sheep out of its fear.
The sheep is moderately wounded.
The sheep burns! x5
You hit the sheep.
The sheep is heavily wounded.
You catch the helpless sheep completely off-guard!
You hit the sheep but do no damage.
Your attack snaps the sheep out of its fear.
The sheep is heavily wounded.
The sheep burns! x5
The sheep bites you!
You hit the sheep.
The sheep explodes!
The fiery explosion engulfs the sheep.
The sheep explodes!
The fiery explosion engulfs you!
You die...

**
*############ *
...........####
!............>#
.....§.§..#.###
.....§§@..#.#
#....§§§....#
#...Y...§.###
#......Y..#
#...Y.....#
#.........#
#.######..# ..
#.## #.#


You could see 3 sheep.

Vanquished Creatures
  The ghost of FIQ the Spear-Bearer, an average MfWn (D:4)
  3 ogres
  A centaur (D:5)
  2 scorpions (D:5)
  A water moccasin skeleton (D:5)
  A crimson imp (D:5)
  2 orc priests (D:4)
  An iguana (D:4)
  2 orc wizards (D:4)
  4 worker ants
  A worker ant zombie (D:5)
  9 adders
  An ooze (D:2)
  5 worms
  5 giant geckos
  6 orcs
  2 bat skeletons
  A bat zombie (D:5)
  8 hobgoblins
  9 kobolds
  A quokka (D:2)
  A ball python (D:3)
  15 bats
  A giant cockroach (D:4)
  4 giant newts
  8 goblins
  6 jackals
  A jackal skeleton (D:4)
  A quokka skeleton (D:5)
  15 rats
118 creatures vanquished.

Notes
Turn   | Place    | Note
--------------------------------------------------------------
     0 | D:1      | Monkaria the Deep Dwarf Berserker began the quest for the Orb.
     0 | D:1      | Reached XP level 1. HP: 20/20 MP: 1/1
    90 | D:1      | Reached XP level 2. HP: 26/28 MP: 2/2
   353 | D:1      | Acquired Trog's second power
   420 | D:1      | Reached XP level 3. HP: 18/36 MP: 3/3
   736 | D:2      | Reached skill level 4 in Fighting
   952 | D:2      | Found a radiant altar of Vehumet.
  1568 | D:2      | Reached XP level 4. HP: 39/44 MP: 4/4
  1784 | D:2      | Found a glowing golden altar of the Shining One.
  2176 | D:4      | Reached skill level 5 in Axes
  2207 | D:4      | Found a staircase to the Ecumenical Temple.
  2334 | D:4      | Reached XP level 5. HP: 14/50 MP: 5/5
  2367 | D:4      | Noticed an ogre
  2376 | D:4      | Killed an ogre
  2376 | D:4      | Reached skill level 6 in Axes
  2660 | D:4      | Reached XP level 6. HP: 40/57 MP: 6/6
  2731 | D:4      | Reached skill level 7 in Axes
  2831 | D:4      | Noticed FIQ's ghost (average MfWn)
  2947 | Temple   | Entered the Ecumenical Temple
  3136 | D:4      | Killed FIQ's ghost
  3136 | D:4      | Reached skill level 8 in Axes
  3136 | D:4      | Reached XP level 7. HP: 64/64 MP: 7/7
  3425 | D:4      | Noticed an ogre
  3439 | D:4      | Killed an ogre
  3445 | D:4      | HP: 2/64 [orc/flail (6)]
  3624 | D:5      | Entered Level 5 of the Dungeon
  3785 | D:5      | Reached skill level 9 in Axes
  4033 | D:5      | Found a shadowy altar of Dithmenos.
  4497 | D:5      | Reached skill level 10 in Axes
  4497 | D:5      | Reached XP level 8. HP: 28/72 MP: 8/8
  4615 | D:5      | Found a glowing silver altar of Zin.
  4908 | D:6      | Found a shimmering altar of Xom.
  4912 | D:6      | Killed from afar by a sheep

Vault maps used:
D:1:      dpeg_arrival_subterranean_lakeside_camping, hex_medium
D:2:      lemuel_doored_altar, tso_altar, kennysheep_minor_cross
D:3:      minmay_surrounded
D:4:      temple_fountains, first_bread
D:5:      kennysheep_little_box, portal_sewer_entry_d, basic_altar,
          roderic_serpentine_path
D:6:      kb_xom_exploding_sheep, grunt_temple_overflow_cloverleaf,
          serial_park_tiny_2, kennysheep_small_square
Temple:   jpeg_temple_alley_garden_8

Action                   |  1- 3 |  4- 6 |  7- 9 || total
-------------------------+-------+-------+-------++-------
Melee: Hand axe          |   131 |   168 |   155 ||   454
Invok: Trog's Hand       |     4 |     7 |     8 ||    19
       Berserk           |       |     4 |     2 ||     6
Evoke: Wand              |     1 |       |       ||     1
  Use: Scroll            |       |     2 |    12 ||    14
 Stab: Sleeping          |     2 |       |     2 ||     4
       Fleeing           |       |       |     1 ||     1
  Eat: Chunk             |     1 |    10 |     8 ||    19
       Royal jelly       |       |       |     1 ||     1
